 Dungeon Crawl Stone Soup version 0.28-a0-872-g80cf8599ee (webtiles) character file.

Game seed: 5772664911311690723

4404 ders the Geomancer (level 10, -1/56 HPs)
             Began as a Gargoyle Earth Elementalist on Nov 21, 2021.
             Was a Believer of Vehumet.
             Slain by a two-headed ogre (14 damage)
             ... on level 8 of the Dungeon.
             The game lasted 00:12:28 (10738 turns).

ders the Geomancer (Gargoyle Earth Elementalist)   Turns: 10738, Time: 00:12:29

Health: -1/56      AC: 16    Str: 12    XL:     10   Next: 35%
Magic:  12/21      EV: 11    Int: 19    God:    Vehumet [**....]
Gold:   423        SH:  0    Dex: 10    Spells: 16/24 levels left

rFire   . . .      SeeInvis .   q - +11 plutonium sword {Contam Stlth-}
rCold   . . .      Faith    .   (shield currently unavailable)
rNeg    + . .      Spirit   .   w - +3 leather armour
rPois   ∞          Reflect  .   (no helmet)
rElec   +          Harm     .   j - +0 cloak
rCorr   .          Rampage  .   (no gloves)
Will    .....                   g - +1 pair of boots
Stlth   +.........              (no amulet)
HPRegen 0.18/turn               (no ring)
MPRegen 0.17/turn               (no ring)

@: marked
A: sickness immunity, AC +7, negative energy resistance 1, electricity
resistance, torment resistance 1, petrification resistance
a: Renounce Religion


You were on level 8 of the Dungeon.
You worshipped Vehumet.
Vehumet was pleased with you.
You visited 2 branches of the dungeon, and saw 9 of its levels.

You collected 423 gold pieces.

Inventory:

Hand Weapons
 a - a +0 short sword
 i - a +3 quarterstaff of chaos
 q - the +11 plutonium sword (weapon) {Contam Stlth-}
   (You found it on level 5 of the Dungeon)

   It occasionally inflicts wild transmutation effects on those it strikes,
   inflicting malmutation or extra damage, or polymorphing them into a new form.
   Contam:    It causes magical contamination when unequipped.
   Stlth:     It makes you less stealthy.
Missiles
 h - 2 throwing nets
 l - 151 stones
Armour
 b - a +0 robe
 g - a +1 pair of boots (worn)
 j - a +0 cloak (worn)
 w - a +3 leather armour (worn)
Jewellery
 v - an amulet of faith
 B - a ring of resist corrosion
Wands
 D - a wand of digging (5)
Scrolls
 c - a scroll of silence
 d - 3 scrolls of immolation
 e - 2 scrolls of fear
 f - 2 scrolls of identify
 k - 2 scrolls of fog
 m - a scroll of magic mapping {unknown}
 n - a scroll of summoning
 p - a scroll of blinking
 x - a scroll of teleportation {unknown}
 y - a scroll of amnesia {unknown}
 E - 2 scrolls of noise {unknown}
 F - a scroll of acquirement {unknown}
Potions
 o - a potion of ambrosia {unknown}
 r - a potion of berserk rage {unknown}
 s - 2 potions of flight {unknown}
 t - a potion of might {unknown}
 u - a potion of mutation {unknown}
 z - a potion of curing {unknown}
 A - a potion of resistance {unknown}
 C - 2 potions of lignification {unknown}


   Skills:
 + Level 3.2 Fighting
 + Level 5.5 Long Blades
 + Level 2.9 Armour
 - Level 1.5 Dodging
 + Level 3.0 Stealth
 + Level 7.5 Spellcasting
 + Level 7.1 Conjurations
 + Level 0.7 Transmutations
 + Level 9.4 Earth Magic


You had 16 spell levels left.
You knew the following spells:

 Your Spells              Type           Power      Damage    Failure   Level
a - Sandblast             Erth           84%        2d18      1%          1
b - Stone Arrow           Conj/Erth      76%        3d11      1%          3
c - Petrify               Tmut/Erth      26%        N/A       16%         4

Your spell library contained the following spells:

 Spells                   Type           Power      Damage    Failure   Level
 Shock                    Conj/Air       80%        1d8       2%          1
 Passwall                 Tmut/Erth      21%        N/A       2%          2
 Static Discharge         Conj/Air       20%        N/A       4%          2
 Pain                     Necr           28%        1d5       12%         1
 Inner Flame              Hex/Fire       7%         N/A       36%         3
 Lightning Bolt           Conj/Air       10%        1d23      61%         5
 Airstrike                Air            3%         N/A       77%         4
 Cause Fear               Hex            3%         N/A       77%         4
 Summon Lightning Spire   Summ/Air       7%         N/A       77%         4
 Agony                    Necr           7%         N/A       98%         5
 Excruciating Wounds      Necr           3%         N/A       98%         5
 Discord                  Hex            3%         N/A       100%        8
 Maxwell's Capacitive Co  Air            3%         ∞         100%        8


Dungeon Overview and Level Annotations

Branches:
Dungeon (8/15)             Temple (1/1) D:5
   Lair: D:8-11

Altars:
Ashenzari
Cheibriados
Dithmenos
Elyvilon
Fedhas
Gozag
Hepliaklqana
Kikubaaqudgha
Makhleb
Nemelex Xobeh
Okawaru
Qazlal
Ru
Sif Muna
Trog
Uskayaw
Vehumet
Wu Jian
Xom
Yredelemnul
Zin
The Shining One


Innate Abilities, Weirdness & Mutations

You are immune to sickness and miasma.
Your stone body is resilient. (AC +7)
You are immune to poison.
You resist negative energy. (rN+)
You are resistant to electric shocks. (rElec)
You are resistant to unholy torment.
You are immune to petrification.


Message History

The orc sings a few bars from the Orcish anthem.
You hit the orc warrior.
The orc warrior is lightly wounded.
The orc warrior hits you with a +0 battleaxe.
A two-headed ogre comes into view. It is wielding two +0 giant clubs.
You slash the two-headed ogre!
The two-headed ogre is moderately wounded.
A howler monkey zombie comes into view.
A wight comes into view. It is wielding a +6 great sword.
The two-headed ogre hits you with a +0 giant club!
The two-headed ogre hits you with a +0 giant club.
Casting: Stone Arrow (safe; 1% risk of failure)
Confirm with . or Enter, or press ? or * to list all spells.
Aiming: Stone Arrow (safe; 1% risk of failure)
Press: ? - help, Shift-Dir - straight line, f - two-headed ogre
Aim: a two-headed ogre, wielding two +0 giant clubs (moderately wounded, 88% to hit)
The stone arrow hits the two-headed ogre!
The two-headed ogre is heavily wounded.
Unknown command.
Casting: Stone Arrow (safe; 1% risk of failure)
Confirm with . or Enter, or press ? or * to list all spells.
Aiming: Stone Arrow (safe; 1% risk of failure)
Press: ? - help, Shift-Dir - straight line, f/p - two-headed ogre
Aim: a two-headed ogre, wielding two +0 giant clubs (heavily wounded, 88% to hit)
The stone arrow hits the two-headed ogre!
The two-headed ogre is severely wounded.
The two-headed ogre hits you with a +0 giant club!
The two-headed ogre hits you with a +0 giant club.
Unknown command.
Casting: Stone Arrow (safe; 1% risk of failure)
Confirm with . or Enter, or press ? or * to list all spells.
Aiming: Stone Arrow (safe; 1% risk of failure)
Press: ? - help, Shift-Dir - straight line, f/p - two-headed ogre
Aim: a two-headed ogre, wielding two +0 giant clubs (severely wounded, 88% to hit)
The stone arrow hits the two-headed ogre!
The two-headed ogre is almost dead.
The two-headed ogre hits you with a +0 giant club!
* * * LOW HITPOINT WARNING * * *
The two-headed ogre hits you with a +0 giant club!
You die...

...#.....
###.#
#..#......
##..##
...........
#.###
####.......
##..##
###.#
##..##
#.###
##..##
###@# #oO##
...zo
......z
.>....#
..Z...
......
....##


You could see a two-headed ogre, 2 wights, 2 orcs and a howler monkey zombie.

Vanquished Creatures
  Prince Ribbit (D:6)
  Grinder (D:4)
  Sigmund (D:4)
  4 yaks (D:8)
  Eustachio (D:4)
  A water moccasin (D:6)
  An ice beast (D:7)
  Pargi (D:3)
  3 orc warriors
  2 necrophages
  2 ogres
  A centaur (D:7)
  A phantom (D:5)
  Blork the orc (D:5)
  3 bullfrogs
  6 scorpions
  2 water moccasin zombies (D:5)
  A wyvern zombie (D:7)
  A wyvern skeleton (D:6)
  5 wights (D:8)
  A bullfrog zombie (D:6)
  3 hounds
  A jelly (D:6)
  5 orc priests
  Crazy Yiuf (D:2)
  A centaur skeleton (D:6)
  3 bullfrog skeletons
  Terence (D:3)
  3 iguanas
  7 orc wizards
  A howler monkey zombie (D:7)
  8 gnolls
  A howler monkey skeleton (D:7)
  4 adders
  A shadow imp (D:7)
  2 white imps
  An adder skeleton (D:5)
  A worm (D:2)
  7 dart slugs
  30 orcs
  9 ball pythons
  6 bats
  5 endoplasms
  4 giant cockroaches
  5 goblins
  10 hobgoblins
  4 jackals (D:5)
  A quokka (D:3)
  2 frilled lizards (D:1)
  4 kobolds
  21 rats
192 creatures vanquished.

Notes
Turn   | Place    | Note
-------+----------+-------------------------------------------
     0 | D:1      | ders the Gargoyle Earth Elementalist began the quest for
                  | the Orb.
     0 | D:1      | Reached XP level 1. HP: 10/10 MP: 3/3
   246 | D:1      | Reached XP level 2. HP: 15/15 MP: 1/5
   353 | D:1      | Reached skill level 1 in Conjurations
   472 | D:1      | Reached skill level 4 in Earth Magic
   596 | D:1      | Found a faded altar of an unknown god.
   817 | D:1      | Reached XP level 3. HP: 19/19 MP: 4/6
   821 | D:1      | Learned a level 3 spell: Stone Arrow
  2086 | D:2      | Reached XP level 4. HP: 24/24 MP: 4/8
  2860 | D:2      | Found a runed translucent door.
  2861 | D:2      | Noticed Crazy Yiuf
  2957 | D:2      | Killed Crazy Yiuf
  2958 | D:2      | Reached XP level 5. HP: 11/28 MP: 0/9
  3240 | D:2      | Found a glowing golden altar of the Shining One.
  3445 | D:3      | Reached skill level 5 in Earth Magic
  3769 | D:3      | Noticed Pargi
  3773 | D:3      | Killed Pargi
  3774 | D:3      | Reached XP level 6. HP: 28/32 MP: 0/11
  4039 | D:3      | Noticed Terence
  4044 | D:3      | Killed Terence
  4260 | D:3      | Noticed a necrophage
  4264 | D:3      | Killed a necrophage
  4265 | D:3      | Reached skill level 6 in Earth Magic
  4404 | D:3      | Reached XP level 7. HP: 36/36 MP: 6/13
  5664 | D:4      | Noticed Grinder
  5669 | D:4      | Killed Grinder
  5670 | D:4      | Reached skill level 5 in Spellcasting
  5670 | D:4      | Reached skill level 5 in Conjurations
  5670 | D:4      | Reached skill level 7 in Earth Magic
  5670 | D:4      | Reached XP level 8. HP: 41/41 MP: 4/15
  5671 | D:4      | Noticed Eustachio
  5675 | D:4      | Killed Eustachio
  5958 | D:4      | Noticed Sigmund
  5961 | D:4      | Killed Sigmund
  6270 | D:5      | Entered Level 5 of the Dungeon
  6440 | D:5      | Found the +11 plutonium sword {Contam Stlth-}
  6458 | D:5      | Found a staircase to the Ecumenical Temple.
  6544 | Temple   | Entered the Ecumenical Temple
  6768 | Temple   | Became a worshipper of Vehumet
  7038 | D:5      | Reached skill level 8 in Earth Magic
  7095 | D:5      | Found a bloodstained altar of Trog.
  7105 | D:5      | Reached skill level 1 in Long Blades
  7161 | D:5      | Reached skill level 1 in Fighting
  7465 | D:5      | Reached XP level 9. HP: 20/48 MP: 8/17
  7767 | D:5      | Noticed Blork the orc
  7772 | D:5      | Killed Blork the orc
  8057 | D:6      | Reached * piety under Vehumet
  8057 | D:6      | Offered knowledge of Freeze by Vehumet.
  8595 | D:6      | Noticed Prince Ribbit
  8599 | D:6      | Killed Prince Ribbit
  8814 | D:6      | Reached skill level 9 in Earth Magic
  9568 | D:7      | Reached XP level 10. HP: 47/56 MP: 20/20
  9685 | D:7      | Reached skill level 1 in Armour
 10066 | D:7      | Learned a level 4 spell: Petrify
 10423 | D:8      | Reached skill level 5 in Long Blades
 10429 | D:8      | Offered knowledge of Shock by Vehumet.
 10622 | D:8      | Reached ** piety under Vehumet
 10735 | D:8      | Noticed a two-headed ogre
 10738 | D:8      | Slain by a two-headed ogre

Illustrated notes

Levels and vault maps discovered:
D:1:      psy_arrival_fountain, layout_loops_ring,
          shapermc_ecumenical_altar_totnotflames, minivault_19, minivault_27
D:2:      layout_rooms, basic_altar, kennysheep_generic_room_16,
          uniq_crazy_yiuf_cottage
D:3:      layout_loops_ring, minmay_rat_hole, uniq_pargi, uniq_terence
D:4:      layout_loops_cross, uniq_eustachio, uniq_grinder, uniq_sigmund
D:5:      layout_gridville, mainiacjoe_overflow_six_doors_small,
          minmay_temple_entry_drinking_statues, uniq_blork_the_orc
D:6:      layout_loops_ring, uniq_prince_ribbit1
D:7:      layout_cave_pools, minivault_10, grunt_decor_one_mirror,
          eino_small_chamber_without_monster
D:8:      layout_cave_pools, grunt_decor_resistance, hangedman_decor_peaks_small
Temple:   kilobyte_greek_temple

Skill      XL: |  1  2  3  4  5  6  7  8  9 10 |
---------------+-------------------------------+-----
Conjurations   | 1 2 3 4 5 6 7 |  7.1
Earth Magic    | 4 5 6 7 8 9 |  9.4
Spellcasting   | 3 4 5 7 |  7.5
Long Blades    | 2 4 5 |  5.5
Fighting       | 1 3 |  3.2
Stealth        | 3 |  3.0
Armour         | 2 |  2.9
Dodging        | |  1.5
Transmutations | |  0.7

Action                   |  1- 3 |  4- 6 |  7- 9 | 10-12 || total
-------------------------+-------+-------+-------+-------++-------
Melee: Unarmed           |    12 |       |       |       ||    12
       Short sword       |    16 |     5 |       |       ||    21
       Quarterstaff      |       |    14 |    12 |       ||    26
       Triple sword      |       |       |    61 |    31 ||    92
 Cast: Sandblast         |    30 |    19 |    11 |    11 ||    71
       Stone Arrow       |    10 |    36 |    96 |    22 ||   164
  Use: Scroll            |       |     3 |     6 |       ||     9
       Potion            |       |       |     1 |       ||     1
 Stab: Sleeping          |     1 |       |       |       ||     1
Armor: Robe              |    16 |    14 |    70 |       ||   100
       Leather armour    |       |       |     9 |    33 ||    42
Dodge: Dodged            |    26 |    18 |    80 |    42 ||   166

Table legend: (Time is in decaauts)
 A = Elapsed time spent in this place.
 B = Non-inter-level travel time spent in this place.
 C = Inter-level travel time spent in this place.
 D = Time resting spent in this place.
 E = Time spent auto-exploring this place.
 F = Levels seen in this place.
 G = Mean time per level.
                   A        B        C        D        E       F      G
               +--------+--------+--------+--------+--------+-----+--------+
         Total |  10810 |  10412 |    398 |   4048 |   5262 |   9 | 1201.1 |
       Dungeon |  10548 |  10226 |    322 |   4048 |   5090 |   8 | 1318.5 |
        Temple |    262 |    186 |     76 |      0 |    172 |   1 |  262.0 |
               +--------+--------+--------+--------+--------+-----+--------+

Top non-repeatable levels by time:
     D:1: 2121 daAuts
     D:2: 1478 daAuts
     D:3: 1468 daAuts
     D:5: 1440 daAuts
     D:7: 1276 daAuts
     D:4: 1216 daAuts
     D:6: 1207 daAuts
     D:8: 339 daAuts
  Temple: 262 daAuts
